 Dungeon Crawl Stone Soup version 0.22.0-18-ge075c0d (webtiles) character file.

7320 Amnesiac the Zephyrmancer (level 10, 0/63 HPs)
             Began as a Mummy Air Elementalist on Aug 18, 2018.
             Was a Follower of Dithmenos.
             Slain by an unseen horror (8 damage)
             ... on level 10 of the Dungeon.
             The game lasted 00:19:23 (13794 turns).

Amnesiac the Zephyrmancer (Mummy Air Elementalist) Turns: 13794, Time: 00:19:24

Health: 0/63       AC:  7    Str: 12    XL:     10   Next: 90%
Magic:  2/23       EV: 12    Int: 17    God:    Dithmenos [*.....]
Gold:   424        SH:  2    Dex: 13    Spells: 5/27 levels left

rFire    x . .     SeeInvis .   a - +1 scimitar (slice)
rCold    + . .     Gourm    .   (no shield)
rNeg     + + +     Faith    .   l - +0 robe (curse)
rPois    ∞         Spirit   .   j - +0 helmet
rElec    .         Reflect  +   e - +0 cloak {MR+}
rCorr    .         Harm     .   (no gloves)
MR       ++...                  (no boots)
Stlth    ++........             f - +2 amulet of reflection
HPRegen  0.20/turn              r - +3 ring of protection
MPRegen  0.18/turn              (no ring)

@: wreathed by umbra
A: no food or potions, fire vulnerability, cold resistance 1, negative energy
resistance 3, torment resistance, unbreathing
a: Renounce Religion


You were on level 10 of the Dungeon.
You worshipped Dithmenos.
Dithmenos was aware of your devotion.
You were not hungry.

You visited 2 branches of the dungeon, and saw 11 of its levels.

You collected 424 gold pieces.

Inventory:

Hand Weapons
 a - a +1 scimitar of slicing (weapon)
 b - a +2 dagger of venom
Armour
 e - a +0 cloak of magic resistance (worn)
 j - a +0 helmet (worn)
 l - a cursed +0 robe (worn)
 o - the +0 leather armour of Hospitality {+Fly Int+4, unknown}
   (You found it on level 10 of the Dungeon)

   It affects your intelligence (+4).
   It lets you fly.
Jewellery
 f - a +2 amulet of reflection (around neck)
 r - a +3 ring of protection (left hand)
Wands
 c - a wand of enslavement (9)
 d - a wand of random effects (33)
 i - a wand of flame (41)
 q - a wand of digging (9)
 t - a wand of iceblast (10)
Scrolls
 g - 3 scrolls of identify {!r}
 h - 4 scrolls of blinking {!r}
 k - 2 scrolls of remove curse {!r}
 m - 2 scrolls of teleportation {!r}
 n - 4 scrolls of amnesia {!r}
 p - a scroll of enchant weapon {!r}
 s - 2 scrolls of magic mapping {!r}
 u - 2 scrolls of enchant armour {!r}


   Skills:
 - Level 1.5 Dodging
 - Level 1.5 Stealth
 + Level 9.2 Spellcasting
 * Level 9.2 Conjurations
 * Level 9.2 Air Magic


You had 5 spell levels left.
You knew the following spells:

 Your Spells              Type           Power        Failure   Level  Hunger
a - Airstrike             Air            #####.....   1%          4    N/A
c - Call Imp              Summ           #.......     14%         2    N/A
d - Lightning Bolt        Conj/Air       #####.....   5%          5    N/A
e - Mephitic Cloud        Conj/Pois/Air  ####....     2%          3    N/A
s - Conjure Flame         Conj/Fire      ###.....     4%          3    N/A
v - Blink                 Tloc           N/A          14%         2    N/A
w - Shock                 Conj/Air       ####         1%          1    N/A
z - Swiftness             Chrm/Air       ###.....     1%          2    N/A

Your spell library contained the following spells:

 Spells                   Type           Power        Failure   Level  Hunger
 Magic Dart               Conj           ####         1%          1    N/A
 Static Discharge         Conj/Air       #####...     1%          3    N/A
 Slow                     Hex            #.......     14%         2    N/A

Dungeon Overview and Level Annotations

Branches:
Dungeon (10/15)            Temple (1/1) D:5            Lair (0/6) D:8
    Orc: D:9-12

Altars:
Ashenzari
Cheibriados
Dithmenos
Elyvilon
Fedhas
Gozag
Hepliaklqana
Kikubaaqudgha
Makhleb
Nemelex Xobeh
Okawaru
Qazlal
Ru
Sif Muna
Trog
Uskayaw
Vehumet
Wu Jian
Xom
Yredelemnul
Zin
The Shining One

Shops:
D:4 (   D:8 *   D:9 (


Innate Abilities, Weirdness & Mutations

You do not eat or drink.
Your flesh is vulnerable to fire.
You are immune to poison.
Your flesh is cold resistant. (rC+)
You are immune to negative energy. (rN+++)
You are immune to unholy pain and torment.
You can survive without breathing.


Message History

Something hits you but does no damage.
Casting: Airstrike (safe; 1% risk of failure)
Confirm with . or Enter, or press ? or * to list all spells.
Aiming: Airstrike (safe; 1% risk of failure)
Press: ? - help, Dir - move target cursor, f - adder
Aim: an adder The air twists around and strikes the adder!
You kill the adder!
Dithmenos accepts your kill. Something hits you but does no damage.
Casting: Airstrike (safe; 1% risk of failure)
Confirm with . or Enter, or press ? or * to list all spells.
Aiming: Airstrike (safe; 1% risk of failure)
Press: ? - help, Dir - move target cursor, f - leopard gecko
Aim: a leopard gecko (clinging)
Okay, then.
Something hits you.
* * * LOW HITPOINT WARNING * * *
Casting: Airstrike (safe; 1% risk of failure)
Confirm with . or Enter, or press ? or * to list all spells.
Aiming: Airstrike (safe; 1% risk of failure)
Press: ? - help, Dir - move target cursor The air twists around and strikes something!
Something barely misses you.
Casting: Airstrike (safe; 1% risk of failure)
Confirm with . or Enter, or press ? or * to list all spells.
Aiming: Airstrike (safe; 1% risk of failure)
Press: ? - help, Dir - move target cursor The spell fizzles.
Something hits you.
* * * LOW HITPOINT WARNING * * *
Something completely misses you.
Casting: Airstrike (safe; 1% risk of failure)
Confirm with . or Enter, or press ? or * to list all spells.
Aiming: Airstrike (safe; 1% risk of failure)
Press: ? - help, Dir - move target cursor The air twists around and strikes something!
Something hits you but does no damage.
Evoke which item? (* to show all) (? for menu, Esc to quit)
Aiming: Enslavement
Press: ? - help, Shift-Dir - straight line, f - adder
Aim: an adder (chance to defeat MR: 54%) Nothing appears to happen.
Something hits you but does no damage. Something hits you.
* * * LOW HITPOINT WARNING * * *
Evoke which item? (* to show all) (? for menu, Esc to quit)
Aiming: Enslavement
Press: ? - help, Shift-Dir - straight line, f/p - adder
Aim: an adder (chance to defeat MR: 54%) Nothing appears to happen.
Something barely misses you.
Evoke which item? (* to show all) (? for menu, Esc to quit)
Aiming: Enslavement
Press: ? - help, Shift-Dir - straight line, f/p - adder
Aim: an adder (chance to defeat MR: 54%) Nothing appears to happen.
Something hits you!
* * * LOW HITPOINT WARNING * * *
Something barely misses you.
Evoke which item? (* to show all) (? for menu, Esc to quit)
Aiming: Enslavement
Press: ? - help, Shift-Dir - straight line, f/p - adder
Aim: an adder (chance to defeat MR: 54%) Nothing appears to happen.
Something hits you.
* * * LOW HITPOINT WARNING * * *
Something hits you!
You die...

## ######## ###
...n......#######...###
.... #.oHlS.@..!....
.....####.#o#####...###
............# ..#
............# #.#
............# .#
.#.......oo.... .
............###
##......a...#
#..........#


You could see a hippogriff, an adder, 2 orcs and a leopard gecko.

Vanquished Creatures
  3 two-headed ogres
  3 hippogriffs
  A wraith (D:9)
  2 wyverns
  2 orc warriors
  4 ice beasts
  4 sky beasts
  2 necrophages
  5 ogres
  5 centaurs
  A big kobold (D:5)
  Blork the orc (D:4)
  A gnoll sergeant (D:8)
  5 scorpions
  2 howler monkeys
  2 electric eels (D:9)
  4 crimson imps
  A bullfrog zombie (D:9)
  2 centaur zombies (D:9)
  A bullfrog skeleton (D:7)
  4 centaur skeletons
  6 jellies
  5 orc priests
  A hound (D:7)
  Ijyb (D:5)
  Crazy Yiuf (D:6)
  An iguana (D:8)
  10 orc wizards
  4 worker ants
  A hound zombie (D:7)
  2 hound skeletons
  A howler monkey zombie (D:7)
  23 gnolls
  9 adders
  4 oozes
  3 adder skeletons
  An adder zombie (D:7)
  5 worms
  3 dart slugs
  3 leopard geckos
  33 orcs
  11 bats
  3 giant cockroaches
  4 goblins
  8 hobgoblins
  2 jackals (D:2)
  5 quokkas
  2 ball pythons (D:1)
  8 frilled lizards
  12 kobolds
  A leopard gecko skeleton (D:4)
  A leopard gecko zombie (D:5)
  2 quokka skeletons
  A quokka zombie (D:8)
  5 rats
237 creatures vanquished.

Vanquished Creatures (collateral kills)
  4 orcs (D:10)
4 creatures vanquished.

Grand Total: 241 creatures vanquished

Notes
Turn   | Place    | Note
-------+----------+-------------------------------------------
     0 | D:1      | Amnesiac the Mummy Air Elementalist began the quest for the Orb.
     0 | D:1      | Reached XP level 1. HP: 13/13 MP: 4/4
   220 | D:1      | Reached XP level 2. HP: 19/19 MP: 0/5
   226 | D:1      | Learned a level 2 spell: Swiftness
   614 | D:3      | Reached XP level 3. HP: 23/24 MP: 0/7
  1146 | D:4      | Noticed Blork the orc
  1167 | D:4      | Reached XP level 4. HP: 20/30 MP: 1/9
  1316 | D:4      | Found a hide-covered altar of Uskayaw.
  1341 | D:5      | Entered Level 5 of the Dungeon
  1430 | D:4      | Learned a level 4 spell: Airstrike
  1458 | D:4      | Killed Blork the orc
  1458 | D:4      | Reached XP level 5. HP: 14/35 MP: 1/11
  1813 | D:4      | Reached XP level 6. HP: 25/41 MP: 3/13
  2071 | D:4      | Reached skill level 5 in Spellcasting
  2071 | D:4      | Reached skill level 5 in Air Magic
  2250 | D:4      | Found Muki's Weapon Boutique.
  2367 | D:4      | Found a radiant altar of Vehumet.
  3032 | D:5      | Reached XP level 7. HP: 14/46 MP: 10/15
  3490 | D:5      | Found a staircase to the Ecumenical Temple.
  3557 | Temple   | Entered the Ecumenical Temple
  3746 | D:5      | Found a shattered altar of Ashenzari.
  3753 | D:5      | Noticed Ijyb
  3761 | D:5      | Killed Ijyb
  4150 | D:5      | Reached XP level 8. HP: 39/52 MP: 18/18
  4920 | D:6      | Found an iron altar of Okawaru.
  5092 | D:6      | Found a runed door.
  5436 | D:6      | Found a shattered altar of Ashenzari.
  5440 | D:6      | Learned a level 2 spell: Blink
  5444 | D:6      | Learned a level 3 spell: Mephitic Cloud
  5450 | D:6      | Learned a level 5 spell: Lightning Bolt
  5454 | D:6      | Learned a level 3 spell: Conjure Flame
  5457 | D:6      | Learned a level 2 spell: Call Imp
  5968 | D:6      | Noticed Crazy Yiuf
  5972 | D:6      | Killed Crazy Yiuf
  6583 | D:2      | Reached skill level 1 in Conjurations
  6846 | D:2      | Found a sparkling altar of Nemelex Xobeh.
  7342 | D:7      | Noticed a hippogriff
  7345 | D:7      | Killed a hippogriff
  7345 | D:7      | Reached XP level 9. HP: 57/57 MP: 8/21
  9001 | D:8      | Found Zin's Purification Station.
  9001 | D:8      | Found a glowing silver altar of Zin.
  9001 | D:8      | Noticed a two-headed ogre
  9015 | D:8      | Reached skill level 5 in Conjurations
  9019 | D:8      | Killed a two-headed ogre
  9363 | D:8      | Found a glowing golden altar of the Shining One.
  9403 | D:8      | Noticed a two-headed ogre
  9440 | D:8      | Killed a two-headed ogre
  9440 | D:8      | Reached XP level 10. HP: 63/63 MP: 0/22
 10611 | D:8      | Found a staircase to the Lair.
 11354 | D:9      | Noticed a two-headed ogre
 11366 | D:9      | Killed a two-headed ogre
 11770 | D:9      | Found Pefiybet's Weapon Shop.
 12232 | D:9      | Found a shadowy altar of Dithmenos.
 12354 | D:9      | Became a worshipper of Dithmenos the Shadowed
 12467 | D:9      | Found a snail-covered altar of Cheibriados.
 13417 | D:10     | Entered Level 10 of the Dungeon
 13535 | D:10     | Reached * piety under Dithmenos
 13756 | D:10     | Got a distressingly furry leather armour
 13794 | D:10     | Slain by an unseen horror

Skill      XL: |  1  2  3  4  5  6  7  8  9 10 |
---------------+-------------------------------+-----
Spellcasting   | 3 4 5 6 8 9 |  9.2
Air Magic      | 3 4 5 6 8 9 |  9.2
Conjurations   | 2 7 9 |  9.2
Dodging        | |  1.5
Stealth        | |  1.5

Action                   |  1- 3 |  4- 6 |  7- 9 | 10-12 || total
-------------------------+-------+-------+-------+-------++-------
Melee: Short sword       |     6 |       |       |       ||     6
       Dagger            |    27 |    44 |   110 |       ||   181
       Scimitar          |       |       |    11 |    57 ||    68
 Cast: Shock             |    48 |    35 |    25 |    25 ||   133
       Airstrike         |       |    16 |   137 |   123 ||   276
       Swiftness         |       |       |     1 |       ||     1
       Lightning Bolt    |       |       |       |     2 ||     2
       Call Imp          |       |       |       |     1 ||     1
Evoke: Wand              |       |       |     5 |     6 ||    11
  Use: Scroll            |     3 |       |     8 |     4 ||    15
 Stab: Sleeping          |       |     3 |     1 |       ||     4
Armor: Robe              |     8 |     4 |    22 |    37 ||    71
Dodge: Dodged            |    31 |    37 |    82 |    88 ||   238
Block: Other             |       |       |     4 |     7 ||    11
       Rpst.: Scimitar   |       |       |     5 |    24 ||    29
